TOP OF THE 1ST |
Altoona Curve batting - Pitching for San Antonio Missions : RHP Nick Jamison
|
Pitching: RHP Nick Jamison
|
|
Batting: LHB Joe Hoover
|
0-0: Ground out 5-3 (Groundball, 5, EV 105.0 MPH)
|
Batting: SHB Mike Corley
|
0-0: Ground out U3 (Groundball, 3, EV 105.0 MPH)
|
Batting: RHB Mike Velazquez
|
0-0: Ball 1-0: Swinging Strike 1-1: Ground out 6-3 (Groundball, 6, EV 105.6 MPH)
|
Top of the 1st over - 0 runs, 0 hits, 0 errors, 0 left on base; Altoona 0 - San Antonio 0 |
BOTTOM OF THE 1ST |
San Antonio Missions batting - Pitching for Altoona Curve : LHP Mario Flores
|
Pitching: LHP Mario Flores
|
|
Batting: RHB Jaden Scott
|
0-0: Called Strike 0-1: Ball 1-1: Ball 2-1: Swinging Strike 2-2: Ball 3-2: SINGLE (Groundball, 6MD, EV 100.0 MPH) (infield hit)
|
Batting: RHB Mike Maserang
|
0-0: Swinging Strike 0-1: Fielders Choice at 2nd, 4-6 (Groundball, 4MD, EV 106.2 MPH)
|
Batting: RHB Bryan Pitcher
|
0-0: Ball 1-0: Ball 2-0: Swinging Strike Passed Ball! Mike Maserang to second 2-1: Swinging Strike 2-2: Strikes out swinging
|
Batting: RHB Freddie Brown
|
0-0: Called Strike 0-1: Ball 1-1: Foul Ball, location: 2F 1-2: Strikes out looking
|
Bottom of the 1st over - 0 runs, 1 hit, 0 errors, 1 left on base; Altoona 0 - San Antonio 0 |
TOP OF THE 2ND |
Altoona Curve batting - Pitching for San Antonio Missions : RHP Nick Jamison
|
Batting: LHB Carlos Vega
|
0-0: Called Strike 0-1: Ball 1-1: Ball 2-1: Foul Ball, location: 2F 2-2: Ball 3-2: Base on Balls
|
Batting: RHB John Goynes
|
0-0: Ball 1-0: DOUBLE (Groundball, 5L, EV 108.1 MPH) Carlos Vega to third Runner from 3rd tries for Home, SAFE, throw by LF to trailing runner, SAFE at third!
|
Batting: LHB Donald Imre
|
0-0: Called Strike 0-1: Called Strike 0-2: Strikes out swinging
|
Batting: LHB Brandon Sarni
|
0-0: Fly out, F9 (Flyball, 89M, EV 75.0 MPH)
|
Batting: RHB Brian Moore
|
0-0: Ball 1-0: Called Strike 1-1: Ball 2-1: Foul Ball, location: 2F 2-2: Ground out 1-3 (Groundball, 13S, EV 65.6 MPH)
|
Top of the 2nd over - 1 run, 1 hit, 0 errors, 1 left on base; Altoona 1 - San Antonio 0 |
BOTTOM OF THE 2ND |
San Antonio Missions batting - Pitching for Altoona Curve : LHP Mario Flores
|
Batting: LHB Phil Lerner
|
0-0: Ball 1-0: Foul Ball, location: 2F 1-1: Called Strike 1-2: Foul Ball, location: 2F 1-2: Strikes out swinging
|
Batting: RHB Joe Weissman
|
0-0: Ball 1-0: Called Strike 1-1: Ball 2-1: Ball 3-1: Ground out 6-3 (Groundball, 6, EV 101.9 MPH)
|
Batting: LHB Rogelio Nunez
|
0-0: Called Strike 0-1: Ball 1-1: Ball 2-1: Foul Ball, location: 2F 2-2: SINGLE (Groundball, 56D, EV 106.2 MPH) (infield hit)
|
Batting: LHB Josh Slusarczyk
|
0-0: Called Strike 0-1: Ground out U3 (Groundball, 3, EV 85.6 MPH)
|
Bottom of the 2nd over - 0 runs, 1 hit, 0 errors, 1 left on base; Altoona 1 - San Antonio 0 |
TOP OF THE 3RD |
Altoona Curve batting - Pitching for San Antonio Missions : RHP Nick Jamison
|
Batting: RHB Pleun Smit
|
0-0: Ball 1-0: Ball 2-0: Ball 3-0: Called Strike 3-1: Base on Balls
|
Pitching: RHP Mike Swenson
|
|
Batting: LHB Joe Hoover
|
0-0: Called Strike 0-1: Ball 1-1: Foul Ball, location: 2F 1-2: Strikes out swinging
|
Batting: SHB Mike Corley
|
0-0: Ball 1-0: Ball 2-0: Foul Ball, location: 2F 2-1: Fly out, F7 (Flyball, 7LS, EV 77.5 MPH)
|
Batting: RHB Mike Velazquez
|
0-0: Called Strike Pleun Smit steals 2nd base 0-1: Fly out, F8 (Line Drive, 8RD, EV 90.0 MPH)
|
Top of the 3rd over - 0 runs, 0 hits, 0 errors, 1 left on base; Altoona 1 - San Antonio 0 |
BOTTOM OF THE 3RD |
San Antonio Missions batting - Pitching for Altoona Curve : LHP Mario Flores
|
Batting: RHB Danny Gallegos
|
0-0: Ball 1-0: Ball 2-0: Ball 3-0: Called Strike 3-1: Swinging Strike 3-2: Base on Balls
|
Batting: RHB Jaden Scott
|
0-0: Ball 1-0: Ball 2-0: Called Strike 2-1: Ball 3-1: Base on Balls Danny Gallegos to second
|
Batting: RHB Mike Maserang
|
0-0: Foul Ball, location: 2F 0-1: Ball 1-1: Grounds into double play, 3-6-3 (Groundball, 34, EV 85.0 MPH) Danny Gallegos to third
|
Batting: RHB Bryan Pitcher
|
0-0: Called Strike 0-1: Ball 1-1: Foul Ball, location: 2F 1-2: SINGLE (Groundball, 23, EV 75.0 MPH) (infield hit) Danny Gallegos scores
|
Batting: RHB Freddie Brown
|
0-0: Ball 1-0: Called Strike 1-1: Ball 2-1: Swinging Strike 2-2: Ball 3-2: Ground out 5-3 (Groundball, 5, EV 90.0 MPH)
|
Bottom of the 3rd over - 1 run, 1 hit, 0 errors, 1 left on base; Altoona 1 - San Antonio 1 |
TOP OF THE 4TH |
Altoona Curve batting - Pitching for San Antonio Missions : RHP Mike Swenson
|
Batting: LHB Carlos Vega
|
0-0: Called Strike 0-1: Ball 1-1: Ball 2-1: Ground out U3 (Groundball, 3, EV 109.4 MPH)
|
Batting: RHB John Goynes
|
0-0: Ball 1-0: Foul Ball, location: 2F 1-1: Ball 2-1: Fly out, F9 (Line Drive, 9S, EV 95.0 MPH)
|
Batting: LHB Donald Imre
|
0-0: Ball 1-0: Foul Ball, location: 2F 1-1: Foul Ball, location: 2F 1-2: Strikes out swinging
|
Top of the 4th over - 0 runs, 0 hits, 0 errors, 0 left on base; Altoona 1 - San Antonio 1 |
BOTTOM OF THE 4TH |
San Antonio Missions batting - Pitching for Altoona Curve : LHP Mario Flores
|
Batting: LHB Phil Lerner
|
0-0: Ball 1-0: Called Strike 1-1: Ball 2-1: Ground out 4-3 (Groundball, 4, EV 76.2 MPH)
|
Batting: RHB Joe Weissman
|
0-0: SINGLE (Flyball, 78S, EV 85.6 MPH)
|
Batting: LHB Rogelio Nunez
|
0-0: Called Strike 0-1: Ball 1-1: Fly out, F7 (Flyball, 78M, EV 80.0 MPH)
|
Batting: LHB Josh Slusarczyk
|
0-0: Ball 1-0: Foul Ball, location: 2F 1-1: Ball 2-1: Foul Ball, location: 2F 2-2: Foul Ball, location: 2F 2-2: 2-RUN HOME RUN (Flyball, 9LD, EV 100.0 MPH), Distance : 364 ft
|
Batting: RHB Danny Gallegos
|
0-0: Called Strike 0-1: Ball 1-1: SINGLE (Groundball, 4MD, EV 97.5 MPH)
|
Batting: RHB Jaden Scott
|
0-0: Foul Ball, location: 2F 0-1: Ball 1-1: Swinging Strike 1-2: Strikes out swinging
|
Bottom of the 4th over - 2 runs, 3 hits, 0 errors, 1 left on base; Altoona 1 - San Antonio 3 |
TOP OF THE 5TH |
Altoona Curve batting - Pitching for San Antonio Missions : RHP Mike Swenson
|
Batting: LHB Brandon Sarni
|
0-0: Foul Ball, location: 2F 0-1: Foul Ball, location: 2F 0-2: Ball 1-2: Foul Ball, location: 2F 1-2: Ball 2-2: Foul Ball, location: 2F 2-2: Strikes out swinging
|
Batting: RHB Brian Moore
|
0-0: Ball 1-0: Fly out, F9 (Flyball, 89M, EV 96.9 MPH)
|
Batting: RHB Pleun Smit
|
0-0: Called Strike 0-1: Called Strike 0-2: SINGLE (Groundball, 56S, EV 69.4 MPH) (infield hit)
|
Batting: LHB Joe Hoover
|
0-0: Called Strike 0-1: Called Strike 0-2: Strikes out looking
|
Top of the 5th over - 0 runs, 1 hit, 0 errors, 1 left on base; Altoona 1 - San Antonio 3 |
BOTTOM OF THE 5TH |
San Antonio Missions batting - Pitching for Altoona Curve : LHP Mario Flores
|
Batting: RHB Mike Maserang
|
0-0: Ball 1-0: Foul Ball, location: 2F 1-1: Swinging Strike 1-2: Ball 2-2: Fly out, F9 (Flyball, 89M, EV 83.1 MPH)
|
Batting: RHB Bryan Pitcher
|
0-0: Foul Ball, location: 2F 0-1: Foul Ball, location: 2F 0-2: Ball 1-2: SINGLE (Groundball, 34, EV 100.0 MPH)
|
Batting: RHB Freddie Brown
|
0-0: Called Strike 0-1: Foul Ball, location: 2F 0-2: Grounds into double play, 5-4-3 (Groundball, 56, EV 81.9 MPH)
|
Bottom of the 5th over - 0 runs, 1 hit, 0 errors, 0 left on base; Altoona 1 - San Antonio 3 |
TOP OF THE 6TH |
Altoona Curve batting - Pitching for San Antonio Missions : RHP Mike Swenson
|
Batting: SHB Mike Corley
|
0-0: Ball 1-0: Foul Ball, location: 2F 1-1: Ball 2-1: Ball 3-1: Foul Ball, location: 2F 3-2: Foul Ball, location: 2F 3-2: Strikes out swinging
|
Batting: RHB Mike Velazquez
|
0-0: Called Strike 0-1: Ball 1-1: Ball 2-1: Called Strike 2-2: Fly out, F9 (Flyball, 9S, EV 85.0 MPH)
|
Batting: LHB Carlos Vega
|
0-0: SINGLE (Groundball, 34D, EV 100.0 MPH)
|
Batting: RHB John Goynes
|
0-0: Called Strike 0-1: Foul Ball, location: 2F 0-2: Ball 1-2: Ball 2-2: Foul Ball, location: 2F 2-2: Foul Ball, location: 2F 2-2: Fly out, F9 (Flyball, 9, EV 96.9 MPH)
|
Top of the 6th over - 0 runs, 1 hit, 0 errors, 1 left on base; Altoona 1 - San Antonio 3 |
BOTTOM OF THE 6TH |
San Antonio Missions batting - Pitching for Altoona Curve : LHP Mario Flores
|
Batting: LHB Phil Lerner
|
0-0: Foul Ball, location: 2F 0-1: Ball 1-1: Fly out, F7 (Flyball, 7LD, EV 95.0 MPH)
|
Batting: RHB Joe Weissman
|
0-0: Ball 1-0: Ball 2-0: Called Strike 2-1: Foul Ball, location: 2F 2-2: Fly out, F8 (Flyball, 78D, EV 102.5 MPH)
|
Batting: LHB Rogelio Nunez
|
0-0: Swinging Strike 0-1: Ball 1-1: Foul Ball, location: 2F 1-2: Fly out, F8 (Flyball, 78M, EV 91.2 MPH)
|
Bottom of the 6th over - 0 runs, 0 hits, 0 errors, 0 left on base; Altoona 1 - San Antonio 3 |
TOP OF THE 7TH |
Altoona Curve batting - Pitching for San Antonio Missions : RHP Mike Swenson
|
Pitching: RHP Dave Waterman
|
|
Batting: LHB Donald Imre
|
0-0: Ball 1-0: Called Strike 1-1: Ball 2-1: Ball 3-1: Base on Balls
|
Batting: LHB Brandon Sarni
|
0-0: Called Strike 0-1: Ball 1-1: Ball 2-1: Swinging Strike 2-2: Ball 3-2: Foul Ball, location: 2F 3-2: Ground out 4-3 (Groundball, 4, EV 91.9 MPH) Donald Imre to second
|
Batting: RHB Brian Moore
|
0-0: Ground out 5-3 (Groundball, 5D, EV 81.2 MPH)
|
Batting: RHB Pleun Smit
|
0-0: Ball 1-0: Ball 2-0: Ball 3-0: Called Strike 3-1: Foul Ball, location: 2F 3-2: Strikes out swinging
|
Top of the 7th over - 0 runs, 0 hits, 0 errors, 1 left on base; Altoona 1 - San Antonio 3 |
BOTTOM OF THE 7TH |
San Antonio Missions batting - Pitching for Altoona Curve : LHP Mario Flores
|
Pitching: RHP Robbie Knowles
|
|
Batting: LHB Josh Slusarczyk
|
0-0: Called Strike 0-1: DOUBLE (Groundball, 5L, EV 104.4 MPH)
|
Batting: RHB Danny Gallegos
|
0-0: Ground out 5-3 (Groundball, 5, EV 107.5 MPH)
|
Batting: RHB Jaden Scott
|
0-0: Ball 1-0: Foul Ball, location: 2F 1-1: Swinging Strike 1-2: Ground out 6-3 (Groundball, 6, EV 86.9 MPH) Josh Slusarczyk to third
|
Batting: RHB Mike Maserang
|
0-0: Ball 1-0: Called Strike 1-1: Swinging Strike 1-2: Strikes out swinging
|
Bottom of the 7th over - 0 runs, 1 hit, 0 errors, 1 left on base; Altoona 1 - San Antonio 3 |
TOP OF THE 8TH |
Altoona Curve batting - Pitching for San Antonio Missions : RHP Dave Waterman
|
Pitching: RHP Jorge Guerrero
|
|
Batting: LHB Joe Hoover
|
0-0: Ball 1-0: Called Strike 1-1: Foul Ball, location: 2F 1-2: Ground out 6-3 (Groundball, 6, EV 83.8 MPH)
|
Batting: SHB Mike Corley
|
0-0: Fly out, F8 (Flyball, 8LD, EV 82.5 MPH)
|
Batting: RHB Mike Velazquez
|
0-0: Ball 1-0: Foul Ball, location: 2F 1-1: Foul Ball, location: 2F 1-2: Strikes out looking
|
Top of the 8th over - 0 runs, 0 hits, 0 errors, 0 left on base; Altoona 1 - San Antonio 3 |
BOTTOM OF THE 8TH |
San Antonio Missions batting - Pitching for Altoona Curve : RHP Robbie Knowles
|
Batting: RHB Bryan Pitcher
|
0-0: Swinging Strike 0-1: Fly out, F8 (Flyball, 8RD, EV 86.2 MPH)
|
Batting: RHB Freddie Brown
|
0-0: Swinging Strike 0-1: Ball 1-1: Foul Ball, location: 2F 1-2: Ground out 6-3 (Groundball, 6, EV 86.2 MPH)
|
Batting: LHB Phil Lerner
|
0-0: Foul Ball, location: 2F 0-1: Foul Ball, location: 2F 0-2: Ball 1-2: Ball 2-2: SINGLE (Line Drive, 3L, EV 103.1 MPH)
|
Batting: RHB Joe Weissman
|
0-0: Called Strike 0-1: Ball 1-1: Fly out, F9 (Flyball, 9S, EV 77.5 MPH)
|
Bottom of the 8th over - 0 runs, 1 hit, 0 errors, 1 left on base; Altoona 1 - San Antonio 3 |
TOP OF THE 9TH |
Altoona Curve batting - Pitching for San Antonio Missions : RHP Jorge Guerrero
|
Pitching: RHP Nick Cunningham
|
|
Batting: LHB Carlos Vega
|
0-0: Swinging Strike 0-1: Called Strike 0-2: Strikes out swinging
|
Batting: RHB John Goynes
|
0-0: Ball 1-0: Swinging Strike 1-1: Foul Ball, location: 2F 1-2: Foul Ball, location: 2F 1-2: Foul Ball, location: 2F 1-2: Foul Ball, location: 2F 1-2: Strikes out swinging
|
Batting: LHB Donald Imre
|
0-0: Ball 1-0: SINGLE (Groundball, 4M, EV 89.4 MPH) (infield hit)
|
Batting: LHB Brandon Sarni
|
0-0: Called Strike 0-1: Foul Ball, location: 2F 0-2: Ground out 1-3 (Groundball, 34S, EV 70.6 MPH)
|
Top of the 9th over - 0 runs, 1 hit, 0 errors, 1 left on base; Altoona 1 - San Antonio 3 |
|